 Dungeon Crawl Stone Soup version 0.28.0-1-gb440e238dd (webtiles) character file.

Game seed: 14279579794103300285

1546 spaghetti the Fortune-Teller (level 8, -10/58 HPs)
             Began as a Mummy Fighter on Feb 19, 2022.
             Was a Believer of Nemelex Xobeh.
             Mangled by an ogre (29 damage)
             ... on level 6 of the Dungeon.
             The game lasted 00:08:35 (5503 turns).

spaghetti the Fortune-Teller (Mummy Fighter)        Turns: 5503, Time: 00:08:36

Health: -10/58     AC: 12    Str: 22    XL:     8   Next: 57%
Magic:  13/13      EV: 10    Int:  7    God:    Nemelex Xobeh [**....]
Gold:   183        SH:  4    Dex: 11    Spells: 7/7 levels left

rFire   x . .      SeeInvis .   a - +0 long sword
rCold   + . .      Faith    .   c - +0 buckler
rNeg    + + +      Spirit   .   o - +2 robe {Will+}
rPois   ∞          Reflect  .   n - +0 helmet
rElec   .          Harm     .   (no cloak)
rCorr   .          Rampage  .   j - +1 Delatra's gloves {ID++}
Will    ++...                   i - +0 pair of boots
Stlth   +.........              l - amulet of regeneration
HPRegen 0.99/turn               k - +4 ring of protection
MPRegen 0.13/turn               (no ring)

@: studying Polearms
A: cold resistance 1, negative energy resistance 3, torment resistance 2, heat
vulnerability 1, no potions
a: Renounce Religion, Draw Escape, Draw Destruction, Draw Summoning


You were on level 6 of the Dungeon.
You worshipped Nemelex Xobeh.
Nemelex Xobeh was pleased with you.
You visited 1 branch of the dungeon, and saw 7 of its levels.

You collected 183 gold pieces.

Inventory:

Hand Weapons
 a - a +0 long sword (weapon)
 b - a +1 hunting sling
 q - a +2 spear of freezing
Missiles
 d - 2 javelins
 h - 109 stones (quivered)
Armour
 c - a +0 buckler (worn)
 g - a +0 scale mail
 i - a +0 pair of boots (worn)
 j - the +1 Delatra's gloves (worn) {ID++}
   (You found it on level 3 of the Dungeon)

   It heals its wearer when they drink unknown potions.
   It restores its wearer's MP when they read unknown scrolls.
 n - a +0 helmet (worn)
 o - a +2 robe of willpower (worn)
Magical Staves
 e - a staff of earth
Jewellery
 k - a +4 ring of protection (left hand)
 l - an amulet of regeneration (around neck)
Wands
 m - a wand of digging (7)
 p - a wand of acid (8)
Scrolls
 f - 2 scrolls of identify


   Skills:
 - Level 3.0 Fighting
 - Level 6.0 Long Blades
 - Level 2.4 Armour
 - Level 2.4 Shields
 + Level 7.4 Invocations


You had 7 spell levels left.
You didn't know any spells.
Your spell library contained the following spells:

 Spells                   Type           Power      Damage    Failure   Level
 Ozocubu's Armour         Ice            0%         N/A       88%         3
 Ozocubu's Refrigeration  Ice            0%         4d5       100%        7


Dungeon Overview and Level Annotations

Branches:
Dungeon (7/15)             Temple (0/1) D:4

Altars:
Nemelex Xobeh
Wu Jian

Shops:
D:5 :   D:6 [

Annotations:
D:7 Grinder


Innate Abilities, Weirdness & Mutations

You are immune to poison.
Your flesh is cold resistant. (rC+)
You are immune to negative energy. (rN+++)
You are immune to unholy pain and torment.
You are vulnerable to heat. (rF-)
You do not drink.


Message History

The jelly hits you but does no damage.
You climb upwards.
There is a stone staircase leading down here.
You start resting.
You are no longer corroded.
You start resting.
HP restored.
You climb downwards.
The jelly hits you but does no damage. The ogre hits you with a +0 giant club!
There is a stone staircase leading up here.
The jelly barely misses you.
The jelly jiggles.
You see here an adder skeleton.
You slash the jelly!
Your hands burn!
The jelly is almost dead.
The jelly hits you but does no damage.
You slash the jelly!
You kill the jelly!
The ogre barely misses you.
You closely miss the ogre.
The ogre hits you with a +0 giant club!!
You hit the ogre.
The ogre is moderately wounded.
The ogre hits you with a +0 giant club!
You barely miss the ogre.
The ogre is moderately wounded.
The ogre closely misses you.
You hit the ogre.
The ogre is moderately wounded.
The ogre hits you but does no damage.
You slash the ogre!
The ogre is severely wounded.
The ogre hits you with a +0 giant club!
* * * LOW HITPOINT WARNING * * *
You barely miss the ogre.
The ogre is severely wounded.
The ogre hits you with a +0 giant club!!
Ouch! That really hurt!
You die...
Your body disappears without a glow.

#.#...#
#.###################
#.......)..).........
#..##################
#..#........
#..#......# #######
#..#......# #......
#......÷#.#####.#####
#>..@O...<...........
#.#####.........#####
###'#####.######..#
#...O.#...# #.##
#.....#...# ...
#.....#...# .....
#.....'...# ..#....
#.[...#...# ####.....
#.....##......


You could see an ogre.

Vanquished Creatures
  Sigmund (D:4)
  A yak (D:4)
  An ogre (D:4)
  A centaur (D:6)
  A phantom (D:5)
  4 scorpions
  Dowan (D:4)
  3 wights (D:6)
  2 jellies
  An orc priest (D:3)
  A hound (D:5)
  A gnoll shaman (D:5)
  3 bullfrog skeletons
  2 iguanas
  A hound zombie (D:5)
  A hound skeleton (D:3)
  3 gnolls (D:5)
  A howler monkey skeleton (D:5)
  3 adders
  An ufetubus (D:4)
  A worm (D:2)
  A dart slug (D:3)
  8 orcs
  7 ball pythons
  9 endoplasms
  7 goblins
  5 hobgoblins
  7 jackals
  2 quokkas (D:1)
  3 bats
  5 frilled lizards
  5 kobolds
  8 rats
101 creatures vanquished.

Vanquished Creatures (collateral kills)
  A black bear (D:4)
  A centaur skeleton (D:4)
  4 orcs (D:4)
  A jackal (D:4)
7 creatures vanquished.

Grand Total: 108 creatures vanquished

Notes
Turn   | Place    | Note
-------+----------+-------------------------------------------
     0 | D:1      | spaghetti the Mummy Fighter began the quest for the Orb.
     0 | D:1      | Reached XP level 1. HP: 18/18 MP: 1/1
    42 | D:1      | Reached XP level 2. HP: 15/24 MP: 2/2
  1231 | D:1      | Reached XP level 3. HP: 29/29 MP: 3/3
  1617 | D:2      | Found a faded altar of an unknown god.
  1790 | D:2      | Reached XP level 4. HP: 21/35 MP: 4/4
  2249 | D:2      | Prayed at the altar of an unknown god.
  2249 | D:2      | Became a worshipper of Nemelex Xobeh the Trickster
  2249 | D:2      | Reached * piety under Nemelex Xobeh
  2249 | D:2      | Received a gift from Nemelex Xobeh
  2385 | D:3      | Found the +1 Delatra's gloves {ID++}
  2490 | D:3      | Reached skill level 1 in Invocations
  2731 | D:3      | Identified the +1 leather armour of Dawn {rElec Will+
                  | Str-5}
  2833 | D:3      | Reached XP level 5. HP: 34/41 MP: 4/6
  2902 | D:3      | Found an ornate altar of the Wu Jian Council.
  3199 | D:3      | Reached ** piety under Nemelex Xobeh
  3310 | D:4      | Received a gift from Nemelex Xobeh
  3407 | D:4      | Noticed Dowan
  3408 | D:4      | Noticed Duvessa
  3410 | D:4      | Killed Dowan
  3411 | D:4      | Reached skill level 2 in Invocations
  3411 | D:4      | Noticed Duvessa
  3411 | D:4      | Duvessa changed into Duvessa the scorpion
  3413 | D:4      | Noticed a black bear
  3417 | D:4      | Killed Duvessa the scorpion
  3418 | D:4      | Reached XP level 6. HP: 44/47 MP: 7/7
  3423 | D:4      | Reached skill level 3 in Invocations
  3437 | D:4      | Reached skill level 5 in Long Blades
  3966 | D:4      | Noticed Sigmund
  4200 | D:4      | Killed Sigmund
  4201 | D:4      | Reached skill level 4 in Invocations
  4201 | D:4      | Reached XP level 7. HP: 48/52 MP: 8/10
  4203 | D:4      | Noticed a yak
  4220 | D:4      | Killed a yak
  4445 | D:4      | Found a staircase to the Ecumenical Temple.
  4453 | D:4      | Reached skill level 5 in Invocations
  4505 | D:5      | Entered Level 5 of the Dungeon
  4603 | D:5      | Reached XP level 8. HP: 58/58 MP: 12/12
  4781 | D:5      | Reached skill level 6 in Invocations
  4914 | D:5      | Found Zyesun's Book Boutique.
  5289 | D:6      | Found Ofatt's Antique Armour Shoppe.
  5293 | D:6      | Noticed Grinder
  5314 | D:6      | Received a gift from Nemelex Xobeh
  5325 | D:7      | Noticed Grinder
  5325 | D:7      | Grinder changed into Grinder the hell beast
  5360 | D:6      | Reached skill level 7 in Invocations
  5503 | D:6      | Mangled by an ogre

Illustrated notes

Levels and vault maps discovered:
D:1:      psy_arrival_dodecagon, layout_loops_ring, minmay_misc_feat_plants
D:2:      layout_basic, ebering_ecumenical_altar_mist, minivault_11
D:3:      layout_basic, pdpol_wu_jian_five_deadly_venoms,
          hangedman_decor_peaks_small
D:4:      layout_rooms, minmay_temple_entry_nine_rooms,
          chequers_serial_rivers_micro_c, minmay_manual_monstrance,
          uniq_duvessa, uniq_sigmund
D:5:      layout_loops_ring, serial_shops, nicolae_diamond_shop
D:6:      layout_basic, serial_shops, nicolae_stop_n_shop_1,
          nicolae_shop_overgrown_old_shop, minmay_mini_ossuary, uniq_grinder
D:7:      layout_cave_pools, hellmonk_ghost_happy_afterlife,
          nicolae_ossuary_entry_catacombs, uniq_joseph

Skill      XL: |  1  2  3  4  5  6  7  8 |
---------------+-------------------------+-----
Long Blades    | 2 3 4 5 6 |  6.0
Invocations    | 1 2 4 5 7 |  7.4
Fighting       | |  3.0
Armour         | |  2.4
Shields        | |  2.4

Action                   |  1- 3 |  4- 6 |  7- 9 || total
-------------------------+-------+-------+-------++-------
Melee: Long sword        |   121 |   116 |   153 ||   390
 Fire: Hunting sling     |       |       |    16 ||    16
Throw: Stone             |       |       |     1 ||     1
Invok: Draw Destruction  |       |     6 |     1 ||     7
       Draw Escape       |       |     1 |     4 ||     5
       Draw Summoning    |       |     1 |       ||     1
  Use: Scroll            |     1 |       |     7 ||     8
 Stab: Petrified         |       |     5 |       ||     5
       Petrifying        |       |     1 |       ||     1
Armor: Scale mail        |    58 |    36 |       ||    94
       Robe              |       |     9 |    96 ||   105
Dodge: Dodged            |    55 |    57 |   109 ||   221
Block: Buckler           |    26 |    18 |    28 ||    72
